 Dungeon Crawl Stone Soup version 0.19-a0-32-gbfd796a (webtiles) character file.

2160 HaroldButt the Martial Artist (level 9, -18/70 HPs)
             Began as a Black Draconian Transmuter on May 2, 2016.
             Was a Follower of Cheibriados.
             Demolished by an orc warrior
             ... wielding a +0 great sword
              (21 damage)
             ... on level 5 of the Dungeon.
             The game lasted 00:35:58 (4922 turns).

HaroldButt the Martial Artist (DrTm)                Turns: 4922, Time: 00:35:59

Health: -18/70     AC: 12    Str: 16    XL:     9   Next: 10%
Magic:  13/13      EV: 15    Int: 15    God:    Cheibriados [*.....]
Gold:   251        SH:  0    Dex: 16    Spells: 4 memorised, 1 level left

rFire  . . .     SeeInvis +       - Unarmed
rCold  . . .     Gourm    +     (armour unavailable)
rNeg   . . .     Faith    .     (no shield)
rPois  .         Spirit   .     (helmet restricted)
rElec  +         Dismiss  .     (no cloak)
rCorr  .         Reflect  .     (no gloves)
SustAt .         Harm     .     (no boots)
MR     .....                    i - amulet of the gourmand
Stlth  +.........               l - +5 ring of protection
                                k - ring of see invisible

@: about to teleport, appendage (expiring), very slow, not resistant to hostile
enchantments, very unstealthy
A: breathe lightning, unfitting armour, horns 2, high mp 1, regeneration 1,
robust 1, electricity resistance, cold-blooded, AC +7
a: Breathe Lightning, End Transformation, Bend Time, Renounce Religion


You were on level 5 of the Dungeon.
You worshipped Cheibriados.
Cheibriados was aware of your devotion.
You were completely stuffed.
You had grown temporary horns.
You visited 2 branches of the dungeon, and saw 6 of its levels.

You collected 251 gold pieces.

Inventory:

Missiles
 a - 35 arrows
 d - 4 curare-tipped needles
 e - 23 poisoned needles
Jewellery
 i - an amulet of the gourmand (around neck)
 k - a ring of see invisible (left hand)
 l - a +5 ring of protection (right hand)
Scrolls
 q - a scroll of immolation
Potions
 f - a potion of ambrosia
 m - a potion of magic {unknown}
 o - a potion of haste
 p - a potion of brilliance {unknown}
 r - a potion of curing {unknown}
Books
 b - a book of Changes

   Spells                             Type                      Level
   a - Beastly Appendage              Transmutation                1
   b - Sticks to Snakes               Transmutation                2
   c - Spider Form                    Transmutation/Poison         3
   d - Ice Form                       Ice/Transmutation            4
   e - Blade Hands                    Transmutation                5
Comestibles
 c - 5 bread rations
 g - a slice of pizza
 h - a meat ration
 j - 2 chunks of flesh


   Skills:
 - Level 1.1 Fighting
 - Level 5.3 Dodging
 + Level 8.4 Unarmed Combat
 - Level 2.0 Spellcasting
 + Level 7.6 Transmutations


You had one spell level left.
You knew the following spells:

 Your Spells              Type           Power        Failure   Level  Hunger
a - Beastly Appendage     Trmt           ###...       1%          1    #......
b - Sticks to Snakes      Trmt           ###.....     1%          2    ###....
c - Spider Form           Trmt/Pois      ##........   17%         3    ###....
d - Blade Hands           Trmt           ###.......   28%         5    ######.


Dungeon Overview and Level Annotations

Branches:
Dungeon (5/15)             Temple (1/1) D:4

Altars:
Ashenzari
Cheibriados
Dithmenos
Elyvilon
Fedhas
Gozag
Kikubaaqudgha
Makhleb
Nemelex Xobeh
Okawaru
Pakellas
Qazlal
Ru
Sif Muna
Trog
Vehumet
Xom
Yredelemnul
Zin
The Shining One

Shops:
D:4 :

Annotations:
D:5 Blork the orc


Innate Abilities, Weirdness & Mutations

You can breathe wild blasts of lightning.
Your glossy black scales are hard (AC +7).
Your body does not fit into most forms of armour.
You are resistant to electric shocks.
You are cold-blooded and may be slowed by cold attacks.
You have a pair of horns on your head.
You have an increased reservoir of magic (+10% MP).
Your natural rate of healing is unusually fast.
You are robust (+10% HP).


Message History

The orc warrior is heavily wounded.
The worker ant zombie closely misses you.
You hit the orc warrior but do no damage.
You headbutt the orc warrior!
The orc warrior is severely wounded.
The orc warrior hits you with a great sword!
* * * LOW HITPOINT WARNING * * *
The worker ant zombie bites you but does no damage.
You closely miss the orc warrior. Your headbutt misses the orc warrior.
The orc warrior is severely wounded.
You closely miss the orc warrior.
The orc warrior is severely wounded.
The orc warrior hits you with a great sword!!
* * * LOW HITPOINT WARNING * * *
The worker ant zombie closely misses you.
Read which item? (? for menu, Esc to quit)
As you read the scroll of teleportation, it crumbles to dust.
You feel strangely unstable. The worker ant zombie misses you.
The orc warrior hits you with a great sword!!
You die...

#.### .....#^
....##.....### ...
...........o... ...
....##.#....... ...#
....# .# ####..
..... ....# ##
#####.#####...#
....(.
..............+
####### ##o......#
#######@Z....#..
.............#
##.!.........#...
..................##
........#'##.#......
≈."####.#.##.# .....
### ... #.#.##.#
..... ... ≈.
#.#.##.#...... ...
#.#.##.#......


You could see an orc warrior and a worker ant zombie.

Vanquished Creatures
  Pikel (D:4)
  Grinder (D:4)
  Sigmund (D:3)
  Menkaure (D:4)
  An ice beast (D:5)
  A phantom (D:5)
  2 ogres
  The ghost of HaroldButt the Insei, an amateur DgTm (D:3)
  2 big kobolds (D:4)
  2 gnoll sergeants (D:5)
  A wight (D:5)
  A hound (D:4)
  3 giant frog skeletons (D:5)
  An orc priest (D:4)
  A centaur skeleton (D:5)
  An iguana (D:5)
  A hound skeleton (D:5)
  A worker ant zombie (D:5)
  4 gnolls (D:4)
  9 adders
  An adder skeleton (D:5)
  An adder zombie (D:5)
  3 worms
  4 giant geckos
  9 orcs
  4 ball pythons
  2 giant cockroaches
  6 goblins
  5 hobgoblins
  13 jackals
  A quokka (D:3)
  8 bats
  2 giant gecko skeletons (D:4)
  A giant gecko zombie (D:5)
  7 giant newts
  47 kobolds
  A quokka skeleton (D:4)
  8 rats
159 creatures vanquished.

Notes
Turn   | Place    | Note
--------------------------------------------------------------
     0 | D:1      | HaroldButt the Draconian Transmuter began the quest for the Orb.
     0 | D:1      | Reached XP level 1. HP: 16/16 MP: 3/3
   178 | D:1      | Gained mutation: You have an increased reservoir of magic (+10% MP). [potion of mutation]
   178 | D:1      | Gained mutation: Your natural rate of healing is unusually fast. [potion of mutation]
   178 | D:1      | Gained mutation: You are robust (+10% HP). [potion of mutation]
   223 | D:1      | Reached XP level 2. HP: 20/25 MP: 5/5
   796 | D:2      | Reached skill level 4 in Unarmed Combat
   846 | D:2      | Reached XP level 3. HP: 24/30 MP: 6/6
  1077 | D:2      | Learned a level 2 spell: Sticks to Snakes
  1081 | D:2      | Learned a level 3 spell: Spider Form
  1355 | D:2      | Reached skill level 5 in Unarmed Combat
  1355 | D:2      | Reached XP level 4. HP: 33/38 MP: 2/7
  1750 | D:3      | Noticed HaroldButt's ghost (amateur DgTm)
  1884 | D:3      | Found a faded altar to an unknown god.
  2055 | D:3      | Noticed Sigmund
  2136 | D:3      | Killed Sigmund
  2136 | D:3      | Reached skill level 5 in Transmutations
  2136 | D:3      | Reached XP level 5. HP: 36/44 MP: 6/8
  2136 | D:3      | Reached XP level 6. HP: 41/51 MP: 6/9
  2284 | D:3      | Killed HaroldButt's ghost
  2696 | D:4      | Found Linac's Book Boutique.
  2726 | D:4      | Reached skill level 6 in Unarmed Combat
  2817 | D:4      | Found a staircase to the Ecumenical Temple.
  2826 | Temple   | Entered the Ecumenical Temple
  2976 | D:4      | Your scales start taking on a glossy black colour.
  2976 | D:4      | Reached XP level 7. HP: 29/57 MP: 9/11
  2976 | D:4      | Gained mutation: You are resistant to electric shocks. [Black Draconian growth]
  3089 | D:4      | Found a white marble altar of Elyvilon.
  3089 | D:4      | Found a glowing golden altar of the Shining One.
  3104 | D:4      | Noticed Grinder
  3761 | D:4      | Found an opulent altar of Gozag.
  3763 | D:4      | Found an oddly glowing altar of Pakellas.
  3763 | D:4      | Found a deep blue altar of Sif Muna.
  3765 | D:4      | Found a snail-covered altar of Cheibriados.
  3765 | D:4      | Found a stormy altar of Qazlal.
  3766 | D:4      | Found a sparkling altar of Nemelex Xobeh.
  3776 | D:4      | Became a worshipper of Cheibriados the Contemplative
  3849 | D:4      | Noticed Menkaure
  3861 | D:4      | Killed Menkaure
  3861 | D:4      | Reached skill level 5 in Dodging
  4031 | D:4      | Noticed Pikel
  4041 | D:4      | Killed Pikel
  4041 | D:4      | Reached skill level 7 in Unarmed Combat
  4041 | D:4      | Reached XP level 8. HP: 47/64 MP: 12/12
  4162 | D:4      | Paralysed by Grinder for 6 turns
  4171 | D:4      | Paralysed by Grinder for 5 turns
  4191 | D:4      | Killed Grinder
  4325 | D:5      | Entered Level 5 of the Dungeon
  4386 | D:5      | Learned a level 5 spell: Blade Hands
  4489 | D:5      | Reached * piety under Cheibriados
  4609 | D:5      | Noticed Blork the orc
  4633 | D:5      | Reached skill level 8 in Unarmed Combat
  4752 | D:5      | Reached XP level 9. HP: 51/70 MP: 13/13
  4921 | D:5      | HP: 2/70 [orc warrior/great sword (19)]
  4922 | D:5      | Demolished by an orc warrior

Vault maps used:
D:1:      elethiomel_arrival_shortcut, minmay_misc_feat_rugged
D:2:      hangedman_feature_mirror, minmay_strange_pillars
D:3:      ecumenical_altar_2, uniq_sigmund
D:4:      minmay_goblin_kobold_castle, grunt_temple_overflow_open,
          minmay_temple_entry_trees, serial_shops, shop, kennysheep_dice,
          uniq_pikel, uniq_grinder, uniq_menkaure
D:5:      first_bread, serial_undead, serial_undead_f, serial_undead_d,
          serial_undead_e, serial_undead_b, sword_in_stone,
          uniq_crazy_yiuf_cottage
Temple:   water_room_temple_b_12

Skill      XL: |  1  2  3  4  5  6  7  8 |
---------------+-------------------------+-----
Unarmed Combat | 4 5 6 7 8 |  8.4
Transmutations | 5 6 7 |  7.6
Dodging        | 2 5 |  5.3
Fighting       | |  1.1
Spellcasting   | |  2.0

Action                   |  1- 3 |  4- 6 |  7- 9 || total
-------------------------+-------+-------+-------++-------
Melee: Unarmed           |   120 |   176 |   328 ||   624
       Tailslap          |     5 |    24 |    45 ||    74
       Kick              |     2 |    10 |    33 ||    45
       Headbutt          |     2 |     4 |    17 ||    23
       Punch             |     1 |     3 |     8 ||    12
 Cast: Beastly Appendage |     9 |    12 |    22 ||    43
 Abil: Breathe Lightning |       |       |     5 ||     5
  Use: Scroll            |     5 |     1 |     6 ||    12
       Potion            |     1 |     1 |     1 ||     3
 Stab: Sleeping          |     1 |     1 |       ||     2
       Distracted        |       |       |     1 ||     1
  Eat: Chunk             |    17 |     7 |     9 ||    33
Armor: Skin              |    29 |    64 |   107 ||   200
Dodge: Dodged            |    69 |   121 |   245 ||   435
